 Dungeon Crawl Stone Soup version 0.31-a0-963-ga325b2283a (webtiles) character file.

Game seed: 12007944924825394911

1579 croobank the Sneak (level 8, -3/46 (54) HPs)
             Began as an Octopode Ice Elementalist on Oct 24, 2023.
             Was a Believer of Wu Jian.
             Slain by a wight
             ... wielding a +1 great sword
              (5 damage)
             ... on level 7 of the Dungeon.
             The game lasted 00:15:30 (6297 turns).

croobank the Sneak (Octopode Ice Elementalist)      Turns: 6297, Time: 00:15:31

HP:   -3/46 (54)    AC:  1    Str:  7    XL:     8   Next: 91%
MP:   14/14         EV: 14    Int: 20    God:    Wu Jian [**....]
Gold: 134           SH:  0    Dex: 12    Spells: 7/15 levels left

rFire   . . .        n - +2 dagger (venom)
rCold   . . .        (no shield)
rNeg    . . .        (helmet restricted)
rPois   .            (no amulet)
rElec   .            (no ring)
rCorr   .            (no ring)
SInv    .            (no ring)
Will    .....        (no ring)
Stlth   ++           (no ring)
HPRegen 0.27/turn    (no ring)
MPRegen 0.14/turn    (no ring)
                     (no ring)

%: no passive effects
@: confused, ambrosia-drunk, heavily drained
A: almost no armour, amphibious, 8 rings, camouflage 1, gelatinous body 1,
(nimble swimmer 1), tentacles
a: Renounce Religion, Wall Jump


You were on level 7 of the Dungeon.
You worshipped Wu Jian.
Wu Jian was pleased with you.
You visited 1 branch of the dungeon, and saw 7 of its levels.

You collected 359 gold pieces.
You spent 225 gold pieces at shops.

Inventory:

Hand Weapons
 b - a +0 short sword of venom
 g - a +2 dagger
 k - a +0 long sword
 n - a +2 dagger of venom (weapon)
 p - a +0 heavy war axe
 C - a +1 dagger of speed
Missiles
 e - 6 poisoned darts (quivered)
 s - 2 darts of dispersal
Jewellery
 a - an amulet of faith
Talismans
 d - a blade talisman
 o - a maw talisman
 q - a serpent talisman
Wands
 y - a wand of polymorph (16)
Scrolls
 c - 5 scrolls of teleportation
 u - 2 scrolls of amnesia {unknown}
 A - a scroll of summoning
 B - a scroll of identify
 D - 2 scrolls of noise {unknown}
Potions
 f - 2 potions of cancellation
 h - 2 potions of enlightenment
 i - 2 potions of mutation
 j - a potion of ambrosia
 l - a potion of attraction {unknown}
 m - 2 potions of invisibility {unknown}
 r - a potion of resistance {unknown}
 t - 3 potions of heal wounds {unknown}
 v - a potion of berserk rage {unknown}
 w - a potion of curing
 x - a potion of lignification {unknown}
 z - a potion of degeneration {unknown}


   Skills:
 * Level 4.6 Fighting
 + Level 4.6 Dodging
 + Level 6.5 Stealth
 + Level 4.1 Spellcasting
 + Level 5.8 Ice Magic
 * Level 4.3 Shapeshifting


You had 7 spell levels left.
You knew the following spells:

 Your Spells              Type           Power      Damage    Failure   Level
a - Freeze                Ice            100%       1d10      1%          1
b - Frozen Ramparts       Ice            54%        1d9       3%          3
c - Ozocubu's Armour      Ice            27%        N/A       3%          3
d - Sting                 Tmut/Pois      16%        1d3       13%         1

Your spell library contained the following spells:

 Spells                   Type           Power      Damage    Failure   Level
 Poisonous Vapours        Pois/Air       8%         N/A       19%         2
 Summon Ice Beast         Ice/Summ       15%        N/A       36%         4
 Olgreb's Toxic Radiance  Pois           4%         N/A       77%         4


Dungeon Overview and Level Annotations

Branches:
Dungeon (7/15)
 Temple: D:4-7

Altars:
Cheibriados
Elyvilon
Hepliaklqana
Kikubaaqudgha
Makhleb
Wu Jian
The Shining One

Shops:
D:3 *   D:6 :((


Innate Abilities, Weirdness & Mutations

You cannot wear most types of armour.
You are amphibious.
You can wear up to eight rings at the same time.
Your skin changes colour to match your surroundings (Stealth+).
Your rubbery body absorbs attacks. (AC +1, EV +1)
((You are camouflaged when in or above water. (Stealth+)))
You have tentacles for arms and can constrict up to eight enemies at once.


Message History

The wight is moderately damaged.
You constrict the wight, but do no damage.
The wight completely resists.
The wall freezes the wight but does no damage.
The wight hits you with a +1 great sword!
You feel drained.
You hit the wight.
You tentacle-slap the wight, but do no damage.
You squeeze the wight.
The wight is heavily damaged.
You constrict the wight.
The wight completely resists.
The wall freezes the wight but does no damage.
The wight closely misses you.
You hit the wight but do no damage.
The wight is heavily damaged.
You constrict the wight, but do no damage.
The wight completely resists.
The wall freezes the wight but does no damage.
The wight hits you with a +1 great sword!
You feel drained.
* * * LOW HITPOINT WARNING * * *
Aiming: Polymorph
Press: ? - help, Shift-Dir - straight line, f - you
Okay, then.
It was a potion of ambrosia.
You are confused.
You feel invigorated.
You constrict the wight.
The wall freezes the wight but does no damage.
The wight hits you with a +1 great sword.
* * * LOW HITPOINT WARNING * * *
You feel drained.
* * * LOW HITPOINT WARNING * * *
You release your grip on the wight.
The frozen ramparts melt away as you move.
The wight misses you.
Okay, then.
The wight hits you with a +1 great sword!
* * * LOW HITPOINT WARNING * * *
You feel drained.
You die...

. .. ... ....########
...........# ..
...........# ...
.......<.@.# ...
..........z#######...
..................#
...............z..+
..................#
....#######.......#
.... ####+#...... ...
..... ....


You could see a wight.

Vanquished Creatures
  A wyvern (D:6)
  An acid dragon (D:6)
  Edmund (D:6)
  An ice beast (D:6)
  A black bear (D:5)
  2 ogres (D:5)
  A phantom (D:6)
  A bullfrog (D:6)
  4 scorpions
  A gnoll bouda (D:5)
  A jelly (D:6)
  2 orc priests (D:4)
  A hound (D:5)
  2 iguanas
  2 sleepcaps
  2 orc wizards (D:4)
  6 gnolls
  An adder (D:2)
  2 shadow imps (D:6)
  4 worms
  5 dart slugs
  10 orcs
  6 endoplasms
  2 giant cockroaches
  5 goblins
  8 hobgoblins
  4 jackals (D:4)
  2 quokkas
  6 ball pythons
  4 bats
  3 frilled lizards
  9 kobolds
  3 rats (D:1)
104 creatures vanquished.

Notes
Turn   | Place    | Note
-------+----------+-------------------------------------------
     0 | D:1      | croobank the Octopode Ice Elementalist began the quest for
                  | the Orb.
     0 | D:1      | Reached XP level 1. HP: 11/11 MP: 3/3
    34 | D:1      | Reached skill level 3 in Stealth
    34 | D:1      | Reached XP level 2. HP: 9/17 MP: 0/5
   635 | D:1      | Reached XP level 3. HP: 5/21 MP: 2/6
   991 | D:2      | You fall into a shaft and drop 1 floor!
   991 | D:3      | Found an ancient bone altar of Kikubaaqudgha.
  1251 | D:2      | Noticed a scorpion
  1257 | D:2      | Killed a scorpion
  1258 | D:2      | Reached skill level 4 in Stealth
  1258 | D:2      | Reached XP level 4. HP: 16/27 MP: 6/8
  1307 | D:2      | Learned a level 3 spell: Frozen Ramparts
  1419 | D:2      | Learned a level 3 spell: Ozocubu's Armour
  1690 | D:2      | Found a white marble altar of Elyvilon.
  1958 | D:2      | Found a faded altar of an unknown god.
  1967 | D:2      | Prayed at the altar of an unknown god.
  1967 | D:2      | Became a worshipper of the Wu Jian Council
  1967 | D:2      | Reached * piety under Wu Jian
  2189 | D:3      | Reached XP level 5. HP: 31/31 MP: 9/9
  2240 | D:3      | Found Imuiskef's Assorted Antiques.
  2252 | D:3      | Bought a murky brown potion for 24 gold pieces
  2252 | D:3      | Bought a potion of curing for 81 gold pieces
  2619 | D:4      | Learned a level 1 spell: Sting
  2644 | D:4      | Found a burning altar of Makhleb.
  2824 | D:4      | Reached skill level 1 in Fighting
  2824 | D:4      | Reached skill level 1 in Shapeshifting
  2825 | D:4      | Reached XP level 6. HP: 12/38 MP: 3/10
  2970 | D:4      | Reached ** piety under Wu Jian
  3077 | D:4      | Reached skill level 5 in Ice Magic
  3839 | D:5      | Entered Level 5 of the Dungeon
  3863 | D:5      | Reached XP level 7. HP: 31/45 MP: 7/11
  4023 | D:5      | Reached skill level 5 in Stealth
  4106 | D:5      | Found a hazy altar of Hepliaklqana.
  4253 | D:5      | Found a large runed translucent door.
  4254 | D:5      | Found a large runed translucent door.
  4371 | D:5      | Found a snail-covered altar of Cheibriados.
  4420 | D:5      | Found a glowing golden altar of the Shining One.
  4792 | D:5      | Reached XP level 8. HP: 52/52 MP: 13/13
  5096 | D:6      | Found Hekein's Antique Weapon Shop.
  5096 | D:6      | Found Reubil's Antique Weapon Shop.
  5096 | D:6      | Found Fyolaun's Book Shop.
  5386 | D:6      | Reached skill level 6 in Stealth
  5455 | D:6      | Noticed Edmund
  5461 | D:6      | Killed Edmund
  5883 | D:6      | Bought a runed dagger for 120 gold pieces
  5896 | D:6      | Noticed a wyvern
  5906 | D:6      | Killed a wyvern
  6297 | D:7      | HP: 2/48 [wight/+1 great sword (17)]
  6297 | D:7      | Slain by a wight

Illustrated notes

Levels and vault maps discovered:
D:1:      erik_arrival_triangle_small, layout_loops_ring
D:2:      layout_rooms, dreamdust_ecumenical_altar_hidden_monk_grotto,
          basic_altar, nicolae_eternal_life, st_stairs_8, minivault_27,
          amcnicky_mini_pool_small
D:3:      layout_basic, nicolae_kikubaaqudgha_miasma_corner, serial_shops,
          nicolae_shop_peninsula
D:4:      nicolae_cairo_tiling_large, layout_loops_ring,
          mainiacjoe_overflow_cross_hatched
D:5:      layout_basic, jmf_multi_god_temple2, worldfamousw_hep_ancestral_shrine
D:6:      layout_basic, glass_columns_b, nicolae_shop_distant_corner_stores,
          roderic_lattice_a, uniq_edmund
D:7:      layout_gridville, nicolae_overflow_hidden_temple,
          minmay_temple_entry_junction_2, minmay_increasing_density

Skill      XL: |  1  2  3  4  5  6  7  8 |
---------------+-------------------------+-----
Stealth        | 3 4 5 6 |  6.5
Dodging        | 3 4 |  4.6
Fighting       | 1 2 3 4 |  4.6
Shapeshifting  | 1 2 3 4 |  4.3
Spellcasting   | 3 4 |  4.1
Ice Magic      | 5 |  5.8

Action                     |  1- 3 |  4- 6 |  7- 9 || total
---------------------------+-------+-------+-------++-------
  Melee: Unarmed           |     5 |       |       ||     5
         Constrict         |    12 |    22 |     6 ||    40
         Tentacles         |    12 |    20 |    14 ||    46
         Short sword       |    19 |       |       ||    19
         Dagger            |    11 |    89 |    53 ||   153
         Punch             |       |       |     1 ||     1
  Throw: Dart              |     2 |       |       ||     2
   Cast: Freeze            |    17 |     1 |     4 ||    22
         Frozen Ramparts   |       |    10 |     8 ||    18
         Ozocubu's Armour  |       |     5 |     3 ||     8
Ability: Lunge             |       |    15 |     7 ||    22
         Whirlwind         |       |     3 |     2 ||     5
         Wall Jump         |       |       |     1 ||     1
    Use: Potion            |     1 |     3 |     2 ||     6
         Scroll            |     5 |     4 |     1 ||    10
   Stab: Sleeping          |     7 |    20 |    18 ||    45
 Armour: Skin              |    26 |    38 |    31 ||    95
  Dodge: Dodged            |    30 |    52 |    29 ||   111

Table legend: (Time is in decaauts)
 A = Elapsed time spent in this place.
 B = Non-inter-level travel time spent in this place.
 C = Inter-level travel time spent in this place.
 D = Time resting spent in this place.
 E = Time spent auto-exploring this place.
 F = Levels seen in this place.
 G = Mean time per level.
                   A        B        C        D        E       F      G
               +--------+--------+--------+--------+--------+-----+--------+
         Total |   6294 |   6012 |    282 |   1046 |   3997 |   7 |  899.1 |
       Dungeon |   6294 |   6012 |    282 |   1046 |   3997 |   7 |  899.1 |
               +--------+--------+--------+--------+--------+-----+--------+

Top non-repeatable levels by time:
     D:5: 1289 daAuts
     D:4: 1222 daAuts
     D:6: 1143 daAuts
     D:1: 965 daAuts
     D:2: 882 daAuts
     D:3: 766 daAuts
     D:7: 25 daAuts
